ITL
HAVANA ROLLERS @ WABA DUCKS
08/22/2025
 
TOP OF THE 1ST
Havana Rollers batting - Pitching for Waba Ducks : RHP Miguel Guerrero
Pitching: RHP Miguel Guerrero
Batting: LHB José Torres 0-0: Foul Ball, location: 2F
0-1: Foul Ball, location: 2F
0-2: Ball
1-2: Foul Ball, location: 2F
1-2: Strikes out swinging
Batting: LHB Felipe Cruz 0-0: Ball
1-0: Foul Ball, location: 2F
1-1: Ground out 6-3 (Groundball, 6MS)
Batting: LHB Enrique Cortéz 0-0: Called Strike
0-1: Called Strike
0-2: Ball
1-2: Foul Ball, location: 2F
1-2: Ground out U3 (Groundball, 3S)
Top of the 1st over - 0 run(s), 0 hit(s), 0 error(s), 0 left on base; Havana 0 - Waba 0
BOTTOM OF THE 1ST
Waba Ducks batting - Pitching for Havana Rollers : RHP Derek Simpson
Pitching: RHP Derek Simpson
Batting: RHB Don Keating 0-0: Foul Ball, location: 2F
0-1: Ball
1-1: SOLO HOME RUN (Flyball, 7D), Distance : 354 ft
Batting: RHB Tokuhei Kobayashi 0-0: Ball
1-0: Called Strike
1-1: Ball
2-1: Foul Ball, location: 2F
2-2: Ground out 5-3 (Groundball, 56S)
Batting: LHB Terry White 0-0: Ball
1-0: Foul Ball, location: 2F
1-1: Ball
2-1: SINGLE (Line Drive, 6MD)
Batting: RHB Chris Osborn 0-0: Called Strike
0-1: Swinging Strike
Pickoff Throw to First - Error! E1
Terry White to second
0-2: Reached on Error, E6 (Popup, 6D)
Terry White to third
Batting: RHB Pepe Medrano 0-0: Called Strike
0-1: Ball
1-1: Ball
2-1: Swinging Strike
2-2: Strikes out swinging
Batting: RHB Ed Small 0-0: Foul Ball, location: 2F
0-1: Called Strike
0-2: Ball
1-2: Ball
2-2: SINGLE (Groundball, 6MD)
Terry White scores
Chris Osborn to second
Runner from 2nd tries for 3rd, SAFE, no throw or cutoff
Batting: LHB Javier Orozco 0-0: Ground out 1-3 (Groundball, 13)
Bottom of the 1st over - 2 run(s), 3 hit(s), 2 error(s), 2 left on base; Havana 0 - Waba 2
TOP OF THE 2ND
Havana Rollers batting - Pitching for Waba Ducks : RHP Miguel Guerrero
Batting: LHB Wilson Allen 0-0: Called Strike
0-1: Ball
1-1: Ground out 1-3 (Groundball, 25)
Batting: LHB Doug Thompson 0-0: Foul Ball, location: 2F
0-1: Ball
1-1: Ball
2-1: Foul Ball, location: 2F
2-2: Ball
3-2: Base on Balls
Batting: RHB Yaichiro Sugahara 0-0: Ball
1-0: Ball
2-0: Called Strike
2-1: Fly out, F4 (Popup, 4D)
Batting: RHB Carlos MacKinney 0-0: Called Strike
0-1: Foul Ball, location: 2F
0-2: Strikes out swinging
Top of the 2nd over - 0 run(s), 0 hit(s), 0 error(s), 1 left on base; Havana 0 - Waba 2
BOTTOM OF THE 2ND
Waba Ducks batting - Pitching for Havana Rollers : RHP Derek Simpson
Batting: SHB Cisco Álvarez 0-0: Called Strike
0-1: Foul Ball, location: 2F
0-2: Foul Ball, location: 2F
0-2: Ball
1-2: Ball
2-2: Foul Ball, location: 2F
2-2: Strikes out looking
Batting: RHB Alberto Sandoval 0-0: Ball
1-0: Ground out 4-3 (Groundball, 4)
Batting: RHB Don Keating 0-0: Ball
1-0: Ground out 1-3 (Groundball, 25)
Bottom of the 2nd over - 0 run(s), 0 hit(s), 0 error(s), 0 left on base; Havana 0 - Waba 2
TOP OF THE 3RD
Havana Rollers batting - Pitching for Waba Ducks : RHP Miguel Guerrero
Batting: RHB Chad Case 0-0: Called Strike
0-1: Ball
1-1: Foul Ball, location: 2F
1-2: Foul Ball, location: 2F
1-2: Ball
2-2: SINGLE (Groundball, 34)
Batting: RHB Geoffrey Joyner 0-0: Swinging Strike
0-1: Foul Ball, location: 2F
0-2: Strikes out looking
Batting: LHB José Torres 0-0: Called Strike
0-1: Called Strike
Chad Case steals 2nd base
0-2: Hit by Pitch
Batting: LHB Felipe Cruz 0-0: Ball
Chad Case is caught stealing 3rd base
José Torres to second
1-0: TRIPLE (Line Drive, 9D)
José Torres scores
Batting: LHB Enrique Cortéz 0-0: Called Strike
0-1: Ball
1-1: Reached on error, E3 (Groundball, 3)
Felipe Cruz scores
Batting: LHB Wilson Allen 0-0: Ball
1-0: Called Strike
1-1: Ball
2-1: Ball
3-1: Base on Balls
Enrique Cortéz to second
Batting: LHB Doug Thompson 0-0: Fielders Choice at 2nd, 6-4 (Groundball, 6)
Top of the 3rd over - 2 run(s), 2 hit(s), 1 error(s), 1 left on base; Havana 2 - Waba 2
BOTTOM OF THE 3RD
Waba Ducks batting - Pitching for Havana Rollers : RHP Derek Simpson
Batting: RHB Tokuhei Kobayashi 0-0: Swinging Strike
0-1: Ball
1-1: Swinging Strike
1-2: Ball
2-2: Fly out, F8 (Popup, 8LS)
Batting: LHB Terry White 0-0: Called Strike
0-1: Ball
1-1: Foul Ball, location: 2F
1-2: Ground out U3 (Groundball, 3)
Batting: RHB Chris Osborn 0-0: Called Strike
0-1: Foul Ball, location: 2F
0-2: Ball
1-2: Ball
2-2: Strikes out swinging
Bottom of the 3rd over - 0 run(s), 0 hit(s), 0 error(s), 0 left on base; Havana 2 - Waba 2
TOP OF THE 4TH
Havana Rollers batting - Pitching for Waba Ducks : RHP Miguel Guerrero
Batting: RHB Yaichiro Sugahara 0-0: Ball
1-0: Fly out, F8 (Flyball, 8RXD)
Batting: RHB Carlos MacKinney 0-0: Swinging Strike
0-1: Ball
1-1: SINGLE (Line Drive, 56)
Batting: RHB Chad Case 0-0: Called Strike
0-1: Ball
1-1: Swinging Strike
1-2: Foul Ball, location: 2F
1-2: Strikes out swinging
Batting: RHB Geoffrey Joyner 0-0: Foul Ball, location: 2F
0-1: Ball
1-1: Foul Ball, location: 2F
1-2: Strikes out looking
Top of the 4th over - 0 run(s), 1 hit(s), 0 error(s), 1 left on base; Havana 2 - Waba 2
BOTTOM OF THE 4TH
Waba Ducks batting - Pitching for Havana Rollers : RHP Derek Simpson
Batting: RHB Pepe Medrano 0-0: Ball
1-0: Called Strike
1-1: DOUBLE (Line Drive, 5D)
Pinch Runner at 2nd Ramón Torres:
Batting: RHB Ed Small 0-0: Called Strike
0-1: Ball
1-1: Ball
2-1: Ball
3-1: Ground out 5-3 (Groundball, 56)
Batting: LHB Javier Orozco 0-0: Ball
1-0: Called Strike
1-1: Ball
2-1: Ball
3-1: Foul Ball, location: 2F
3-2: Fly out, F4 (Popup, 4D)
Batting: SHB Cisco Álvarez 0-0: Called Strike
0-1: Ball
1-1: Foul Ball, location: 2F
1-2: Ground out 4-3 (Groundball, 4M)
Bottom of the 4th over - 0 run(s), 1 hit(s), 0 error(s), 1 left on base; Havana 2 - Waba 2
TOP OF THE 5TH
Havana Rollers batting - Pitching for Waba Ducks : RHP Miguel Guerrero
Now at SS: Ramón Torres
Batting: LHB José Torres 0-0: Ball
1-0: Foul Ball, location: 2F
1-1: SINGLE (Groundball, 34D)
Batting: LHB Felipe Cruz 0-0: Ball
1-0: 2-RUN HOME RUN (Flyball, 9LD), Distance : 322 ft
Batting: LHB Enrique Cortéz 0-0: Ball
1-0: Ball
2-0: Called Strike
2-1: Ground out 1-3 (Groundball, 13)
Batting: LHB Wilson Allen 0-0: Called Strike
0-1: Ball
1-1: Ball
2-1: Ball
3-1: Swinging Strike
3-2: Strikes out looking
Batting: LHB Doug Thompson 0-0: Ball
1-0: Foul Ball, location: 2F
1-1: Ball
2-1: Ball
3-1: Foul Ball, location: 2F
3-2: Foul Ball, location: 2F
3-2: Foul Ball, location: 2F
3-2: Base on Balls
Pitching: RHP Sergio Torres
Batting: RHB Yaichiro Sugahara 0-0: Foul Ball, location: 2F
0-1: Called Strike
0-2: Ball
1-2: DOUBLE (Line Drive, 5L)
Doug Thompson to third
Batting: RHB Carlos MacKinney 0-0: Called Strike
0-1: Ball
1-1: Foul Ball, location: 2F
1-2: Fly out, F9 (Flyball, 89XD)
Top of the 5th over - 2 run(s), 3 hit(s), 0 error(s), 2 left on base; Havana 4 - Waba 2
BOTTOM OF THE 5TH
Waba Ducks batting - Pitching for Havana Rollers : RHP Derek Simpson
Batting: RHB Alberto Sandoval 0-0: Ball
1-0: Ball
2-0: Ball
3-0: Reached on error, E5 (Groundball, 56S)
Batting: RHB Don Keating 0-0: Called Strike
0-1: Ball
1-1: Foul Ball, location: 2F
1-2: Fly out, F9 (Flyball, 89M)
Batting: RHB Tokuhei Kobayashi 0-0: Foul Ball, location: 2F
Single, Error in OF, E7, batter to second base
Alberto Sandoval scores
Batting: LHB Terry White 0-0: Ball
1-0: Swinging Strike
1-1: Ball
2-1: Swinging Strike
2-2: Strikes out swinging
Batting: RHB Chris Osborn 0-0: Ball
1-0: Ball
2-0: Ball
3-0: Base on Balls
Batting: RHB Ramón Torres 0-0: Ball
1-0: Called Strike
1-1: Ball
2-1: SINGLE (Line Drive, 8RS)
Tokuhei Kobayashi to third
Chris Osborn to second
Runner from 3rd tries for Home, throw and OUT!
Bottom of the 5th over - 1 run(s), 2 hit(s), 2 error(s), 2 left on base; Havana 4 - Waba 3
TOP OF THE 6TH
Havana Rollers batting - Pitching for Waba Ducks : RHP Sergio Torres
Batting: RHB Chad Case 0-0: Ball
1-0: Called Strike
1-1: Ball
2-1: Foul Ball, location: 2F
2-2: Strikes out swinging
Batting: RHB Geoffrey Joyner 0-0: Ball
1-0: Ball
2-0: Ball
3-0: Base on Balls
Batting: LHB José Torres 0-0: Called Strike
0-1: Ball
1-1: Ball
2-1: Swinging Strike
2-2: Ball
3-2: Base on Balls
Geoffrey Joyner to second
Batting: LHB Felipe Cruz 0-0: Swinging Strike
0-1: Ball
1-1: Swinging Strike
1-2: SINGLE (Line Drive, 34)
Geoffrey Joyner to third
José Torres to second
Batting: LHB Enrique Cortéz 0-0: Swinging Strike
0-1: Called Strike
0-2: Strikes out swinging
Batting: LHB Wilson Allen 0-0: Called Strike
0-1: Foul Ball, location: 2F
0-2: Ball
1-2: Ball
2-2: Foul Ball, location: 2F
2-2: Foul Ball, location: 2F
2-2: Ball
3-2: Foul Ball, location: 2F
3-2: Foul Ball, location: 2F
3-2: Strikes out looking
Top of the 6th over - 0 run(s), 1 hit(s), 0 error(s), 3 left on base; Havana 4 - Waba 3
BOTTOM OF THE 6TH
Waba Ducks batting - Pitching for Havana Rollers : RHP Derek Simpson
Batting: RHB Ed Small 0-0: Foul Ball, location: 2F
0-1: Ball
1-1: Called Strike
1-2: Hit by Pitch
Batting: LHB Javier Orozco 0-0: Called Strike
0-1: Called Strike
0-2: Ball
1-2: Ball
2-2: Strikes out swinging
Pitching: RHP Charlie Alexander
Batting: SHB Cisco Álvarez 0-0: Ball
1-0: Ball
2-0: Called Strike
2-1: Ball
3-1: Foul Ball, location: 2F
3-2: Foul Ball, location: 2F
3-2: Base on Balls
Ed Small to second
Batting: RHB Alberto Sandoval 0-0: Ball
1-0: Ball
2-0: Ball
3-0: Called Strike
3-1: Base on Balls
Ed Small to third
Cisco Álvarez to second
Batting: RHB Don Keating 0-0: Ball
1-0: Called Strike
1-1: Foul Ball, location: 2F
1-2: Ball
2-2: Ball
3-2: Base on Balls
Ed Small scores
Cisco Álvarez to third
Alberto Sandoval to second
Batting: RHB Tokuhei Kobayashi 0-0: Fly out, F6 (Popup, 78S)
Batting: LHB Terry White 0-0: Called Strike
0-1: Ball
1-1: Called Strike
1-2: Ball
2-2: Ball
3-2: Foul Ball, location: 2F
3-2: Base on Balls
Cisco Álvarez scores
Alberto Sandoval to third
Don Keating to second
Batting: RHB Chris Osborn 0-0: Called Strike
0-1: Ball
1-1: Swinging Strike
1-2: Strikes out swinging
Bottom of the 6th over - 2 run(s), 0 hit(s), 0 error(s), 3 left on base; Havana 4 - Waba 5
TOP OF THE 7TH
Havana Rollers batting - Pitching for Waba Ducks : RHP Sergio Torres
Batting: LHB Doug Thompson 0-0: SINGLE (Line Drive, 3D)
Pinch Runner at 1st Jimmy Husted:
Batting: RHB Yaichiro Sugahara 0-0: Called Strike
Jimmy Husted steals 2nd base
0-1: Ground out 4-3 (Groundball, 4)
Jimmy Husted to third
Batting: RHB Carlos MacKinney 0-0: Called Strike
0-1: Ball
1-1: Swinging Strike
1-2: Ball
2-2: Foul Ball, location: 2F
2-2: Foul Ball, location: 2F
2-2: Foul Ball, location: 2F
2-2: Foul Ball, location: 2F
2-2: Ground out 5-3 (Groundball, 56S)
Pitching: RHP Martín Ortíz
Pinch Hitting: RHB Jack Bailey 0-0: Foul Ball, location: 2F
0-1: Ball
1-1: Fly out, F1 (Line Drive, 13)
Top of the 7th over - 0 run(s), 1 hit(s), 0 error(s), 1 left on base; Havana 4 - Waba 5
BOTTOM OF THE 7TH
Waba Ducks batting - Pitching for Havana Rollers : RHP Charlie Alexander
Now at SS: Raynard Brenner
Now in LF: Jimmy Husted
Batting: RHB Ramón Torres 0-0: Swinging Strike
0-1: Swinging Strike
0-2: Foul Ball, location: 2F
0-2: Strikes out swinging
Batting: RHB Ed Small 0-0: Called Strike
0-1: Foul Ball, location: 2F
0-2: Foul Ball, location: 2F
0-2: Foul Ball, location: 2F
0-2: Ball
1-2: Ball
2-2: Ball
3-2: DOUBLE (Line Drive, 78D)
Pinch Hitting: LHB José Berroa 0-0: Intentional Walk
Pitching: RHP Dominic Desmarais
Batting: SHB Cisco Álvarez 0-0: Ball
1-0: Called Strike
1-1: Ball
2-1: Foul Ball, location: 2F
2-2: Fielders Choice at 2nd, 4-6 (Groundball, 34)
Ed Small to third
Batting: RHB Alberto Sandoval 0-0: SINGLE (Groundball, 5L)
Ed Small scores
Cisco Álvarez to second
Batting: RHB Don Keating 0-0: Called Strike
0-1: Fly out, F8 (Flyball, 8LXD)
Bottom of the 7th over - 1 run(s), 2 hit(s), 0 error(s), 2 left on base; Havana 4 - Waba 6
TOP OF THE 8TH
Havana Rollers batting - Pitching for Waba Ducks : RHP Martín Ortíz
Now in LF: José Berroa
Batting: RHB Geoffrey Joyner 0-0: Ball
1-0: SINGLE (Groundball, 13) (infield hit)
Pitching: LHP Tim Jenkins
Batting: LHB José Torres 0-0: Ball
1-0: 2-RUN HOME RUN (Flyball, 9LD), Distance : 324 ft
Batting: LHB Felipe Cruz 0-0: Ball
1-0: Called Strike
1-1: SINGLE (Groundball, 34D)
Pinch Hitting: RHB Paul Bailey 0-0: Ball
1-0: Ball
2-0: SINGLE (Groundball, 4MD)
Felipe Cruz to second
Batting: LHB Wilson Allen 0-0: Foul Ball, location: 2F
0-1: SINGLE (Flyball, 89S)
Felipe Cruz to third
Paul Bailey to second
Runner from 3rd tries for Home, SAFE, throw made home
Paul Bailey to third
Wilson Allen to second
Batting: LHB Jimmy Husted 0-0: Ball
1-0: Called Strike
1-1: Foul Ball, location: 2F
1-2: Ball
2-2: Ball
3-2: Fly out, F9 (Flyball, 89M)
Runner from 3rd tags up, SCORES, throw made
Pitching: RHP Jared Cameron
Batting: RHB Yaichiro Sugahara 0-0: Called Strike
0-1: Ball
1-1: Ball
2-1: Ball
3-1: SINGLE (Groundball, 56D)
Wilson Allen to third
Runner from 3rd tries for Home, SAFE, throw made home
Batting: RHB Carlos MacKinney 0-0: Called Strike
0-1: Ball
1-1: Ball
2-1: Fly out, F9 (Flyball, 9LM)
Batting: LHB Raynard Brenner 0-0: Ball
1-0: Called Strike
1-1: Swinging Strike
1-2: Strikes out swinging
Top of the 8th over - 5 run(s), 6 hit(s), 0 error(s), 1 left on base; Havana 9 - Waba 6
BOTTOM OF THE 8TH
Waba Ducks batting - Pitching for Havana Rollers : RHP Dominic Desmarais
Now in LF: Paul Bailey
Batting: RHB Tokuhei Kobayashi 0-0: Called Strike
0-1: Ground out 6-3 (Groundball, 6)
Batting: LHB Terry White 0-0: Foul Ball, location: 2F
0-1: Ball
1-1: Foul Ball, location: 2F
1-2: Ball
2-2: Foul Ball, location: 2F
2-2: Foul Ball, location: 2F
2-2: Foul Ball, location: 2F
2-2: Foul Ball, location: 2F
2-2: Foul Ball, location: 2F
2-2: Ball
3-2: SOLO HOME RUN (Line Drive, 9LD), Distance : 436 ft
Batting: RHB Chris Osborn 0-0: Called Strike
0-1: Ball
1-1: Fly out, F8 (Flyball, 8RS)
Batting: RHB Ramón Torres 0-0: Called Strike
0-1: Foul Ball, location: 2F
0-2: Strikes out looking
Bottom of the 8th over - 1 run(s), 1 hit(s), 0 error(s), 0 left on base; Havana 9 - Waba 7
TOP OF THE 9TH
Havana Rollers batting - Pitching for Waba Ducks : RHP Jared Cameron
Batting: RHB Geoffrey Joyner 0-0: Ball
1-0: Foul Ball, location: 2F
1-1: Ground out 3-1 (Groundball, 34)
Batting: LHB José Torres 0-0: Called Strike
0-1: Swinging Strike
0-2: Strikes out swinging
Batting: LHB Felipe Cruz 0-0: Ground out U3 (Groundball, 3)
Top of the 9th over - 0 run(s), 0 hit(s), 0 error(s), 0 left on base; Havana 9 - Waba 7
BOTTOM OF THE 9TH
Waba Ducks batting - Pitching for Havana Rollers : RHP Dominic Desmarais
Pitching: LHP Guillermo Orozco
Batting: RHB Ed Small 0-0: Ball
1-0: Called Strike
1-1: Foul Ball, location: 2F
1-2: Strikes out swinging
Batting: LHB José Berroa 0-0: Swinging Strike
0-1: Ball
1-1: Foul Ball, location: 2F
1-2: Ball
2-2: Strikes out swinging
Batting: SHB Cisco Álvarez 0-0: Foul Ball, location: 2F
0-1: Ball
1-1: Foul Ball, location: 2F
1-2: Ground out 6-3 (Groundball, 6M)
Bottom of the 9th over - 0 run(s), 0 hit(s), 0 error(s), 0 left on base; Havana 9 - Waba 7
This league is powered by Out of the Park Baseball, the baseball management simulation game for PC, Mac and Linux
Tuesday, August 2nd, 2016 - OOTP Baseball 16.8 Build 38